ITL
WABA DUCKS @ WISCONSIN TIMBER RATTLERS
07/31/2027
 
TOP OF THE 1ST
Waba Ducks batting - Pitching for Wisconsin Timber Rattlers : LHP José Bamuelos
Pitching: LHP José Bamuelos
Batting: RHB Kelly Graham 0-0: Called Strike
0-1: Ball
1-1: Ball
2-1: Ground out 4-3 (Groundball, 4)
Batting: RHB Pedro Molina 0-0: Called Strike
0-1: DOUBLE (Groundball, 5L)
Batting: RHB Mario López 0-0: Reached on error, E6 (Groundball, 56)
Pedro Molina to third
Batting: LHB José Román 0-0: Foul Ball, location: 2F
0-1: Reached via error on a dropped throw, E6
Pedro Molina scores
Mario López to second
Batting: RHB Paul Spencer 0-0: Fielders Choice at 2nd, 6-4 (Groundball, 6MD)
Mario López to third
Batting: LHB Javier Orozco 0-0: 3-RUN HOME RUN (Flyball, 9D), Distance : 377 ft
Batting: RHB Jeremy Flemming 0-0: Fly out, F9 (Flyball, 9)
Top of the 1st over - 4 run(s), 2 hit(s), 2 error(s), 0 left on base; Waba 4 - Wisconsin 0
BOTTOM OF THE 1ST
Wisconsin Timber Rattlers batting - Pitching for Waba Ducks : RHP Harvey Bradridge
Pitching: RHP Harvey Bradridge
Batting: RHB Eric Thompson 0-0: Swinging Strike
0-1: Ground out 5-3 (Groundball, 5)
Batting: RHB Greg King 0-0: Fly out, F8 (Flyball, 8RM)
Batting: RHB Dick Slagboom 0-0: Ball
1-0: Swinging Strike
1-1: Ball
2-1: Foul Ball, location: 2F
2-2: Ball
3-2: Foul Ball, location: 2F
3-2: SINGLE (Groundball, 4MD)
Batting: RHB Vicente Vélez 0-0: Called Strike
0-1: Fly out, F8 (Flyball, 8LM)
Bottom of the 1st over - 0 run(s), 1 hit(s), 0 error(s), 1 left on base; Waba 4 - Wisconsin 0
TOP OF THE 2ND
Waba Ducks batting - Pitching for Wisconsin Timber Rattlers : LHP José Bamuelos
Batting: RHB Ángelo García 0-0: Called Strike
0-1: SINGLE (Groundball, 34D)
Batting: RHB Chris Osborn 0-0: Fly out, F8 (Flyball, 8LM)
Batting: RHB Kelly Graham 0-0: Called Strike
0-1: Ball
1-1: Ball
2-1: Foul Ball, location: 2F
2-2: Foul Ball, location: 2F
2-2: Grounds into double play, 5-4-3 (Groundball, 56)
Top of the 2nd over - 0 run(s), 1 hit(s), 0 error(s), 0 left on base; Waba 4 - Wisconsin 0
BOTTOM OF THE 2ND
Wisconsin Timber Rattlers batting - Pitching for Waba Ducks : RHP Harvey Bradridge
Batting: RHB John Denton 0-0: Fly out, F9 (Flyball, 9LSF)
Batting: LHB Alex Henderson 0-0: Swinging Strike
0-1: Ball
1-1: Swinging Strike
1-2: Foul Ball, location: 2F
1-2: Foul Ball, location: 2F
1-2: Ground out 3-1 (Groundball, 34)
Batting: RHB Shawn Marshall 0-0: Ball
1-0: Fly out, F8 (Flyball, 8RM)
Bottom of the 2nd over - 0 run(s), 0 hit(s), 0 error(s), 0 left on base; Waba 4 - Wisconsin 0
TOP OF THE 3RD
Waba Ducks batting - Pitching for Wisconsin Timber Rattlers : LHP José Bamuelos
Batting: RHB Pedro Molina 0-0: Called Strike
0-1: Ball
1-1: Ball
2-1: Called Strike
2-2: Ball
3-2: Base on Balls
Batting: RHB Mario López 0-0: Ball
1-0: Ball
2-0: Called Strike
2-1: SINGLE (Groundball, 6MD)
Pedro Molina to second
Batting: LHB José Román 0-0: Called Strike
0-1: Fly out, F9 (Line Drive, 9D)
Batting: RHB Paul Spencer 0-0: Ball
1-0: Ball
2-0: Ball
3-0: Base on Balls
Pedro Molina to third
Mario López to second
Batting: LHB Javier Orozco 0-0: Ball
1-0: Ball
2-0: Called Strike
2-1: Foul Ball, location: 2F
2-2: Strikes out swinging
Batting: RHB Jeremy Flemming 0-0: Ball
1-0: Fly out, F8 (Flyball, 89S)
Top of the 3rd over - 0 run(s), 1 hit(s), 0 error(s), 3 left on base; Waba 4 - Wisconsin 0
BOTTOM OF THE 3RD
Wisconsin Timber Rattlers batting - Pitching for Waba Ducks : RHP Harvey Bradridge
Batting: RHB Pablo Gonzáles 0-0: Called Strike
0-1: Ball
1-1: Ball
2-1: SOLO HOME RUN (Flyball, 7D), Distance : 387 ft
Batting: RHB Hunter Plunket 0-0: Bunted foul
0-1: SINGLE (Groundball, 6MD)
Batting: RHB Eric Thompson 0-0: Ball
1-0: Called Strike
1-1: Ball
2-1: Ball
3-1: Grounds into double play, 5-4-3 (Groundball, 56)
Batting: RHB Greg King 0-0: Ball
1-0: Called Strike
1-1: Ball
2-1: Ball
3-1: Called Strike
3-2: Foul Ball, location: 2F
3-2: Base on Balls
Batting: RHB Dick Slagboom 0-0: Ball
1-0: 2-RUN HOME RUN (Flyball, 7D), Distance : 380 ft
Batting: RHB Vicente Vélez 0-0: Called Strike
0-1: Swinging Strike
0-2: Ball
1-2: Strikes out swinging
Bottom of the 3rd over - 3 run(s), 3 hit(s), 0 error(s), 0 left on base; Waba 4 - Wisconsin 3
TOP OF THE 4TH
Waba Ducks batting - Pitching for Wisconsin Timber Rattlers : LHP José Bamuelos
Batting: RHB Ángelo García 0-0: Fly out, F7 (Flyball, 7S)
Batting: RHB Chris Osborn 0-0: Ball
1-0: Ball
2-0: Ball
3-0: Called Strike
3-1: Base on Balls
Batting: RHB Kelly Graham 0-0: Ball
1-0: Called Strike
1-1: Called Strike
1-2: Ball
2-2: Fly out, F7 (Flyball, 7LDF)
Batting: RHB Pedro Molina 0-0: Ball
1-0: Foul Ball, location: 2F
1-1: Ball
2-1: Foul Ball, location: 2F
2-2: Ball
Passed Ball!
Chris Osborn to second
3-2: Foul Ball, location: 2F
3-2: Base on Balls
Batting: RHB Mario López 0-0: Ball
1-0: Foul Ball, location: 2F
1-1: Ground out U3 (Groundball, 34)
Top of the 4th over - 0 run(s), 0 hit(s), 0 error(s), 2 left on base; Waba 4 - Wisconsin 3
BOTTOM OF THE 4TH
Wisconsin Timber Rattlers batting - Pitching for Waba Ducks : RHP Harvey Bradridge
Batting: RHB John Denton 0-0: Ball
1-0: Foul Ball, location: 2F
1-1: Ball
2-1: SINGLE (Line Drive, 4D)
Batting: LHB Alex Henderson 0-0: Foul Ball, location: 2F
0-1: Called Strike
0-2: Ball
1-2: Grounds into double play, 4-6-3 (Groundball, 34)
Batting: RHB Shawn Marshall 0-0: SOLO HOME RUN (Flyball, 7D), Distance : 382 ft
Batting: RHB Pablo Gonzáles 0-0: Foul Ball, location: 2F
0-1: Swinging Strike
0-2: Strikes out swinging
Bottom of the 4th over - 1 run(s), 2 hit(s), 0 error(s), 0 left on base; Waba 4 - Wisconsin 4
TOP OF THE 5TH
Waba Ducks batting - Pitching for Wisconsin Timber Rattlers : LHP José Bamuelos
Batting: LHB José Román 0-0: Ball
1-0: Foul Ball, location: 2F
1-1: Swinging Strike
1-2: SINGLE (Groundball, 4) (infield hit)
Pitching: LHP Dave Carbone
Batting: RHB Paul Spencer 0-0: Ball
1-0: Fly out, F8 (Flyball, 8LD)
Batting: LHB Javier Orozco 0-0: Ball
1-0: Foul Ball, location: 2F
1-1: Ball
2-1: Called Strike
2-2: Foul Ball, location: 2F
2-2: Strikes out swinging
Batting: RHB Jeremy Flemming 0-0: Fly out, F7 (Flyball, 7)
Top of the 5th over - 0 run(s), 1 hit(s), 0 error(s), 1 left on base; Waba 4 - Wisconsin 4
BOTTOM OF THE 5TH
Wisconsin Timber Rattlers batting - Pitching for Waba Ducks : RHP Harvey Bradridge
Batting: RHB Hunter Plunket 0-0: Ball
1-0: Ground out 5-3 (Groundball, 5)
Batting: RHB Eric Thompson 0-0: Called Strike
0-1: Swinging Strike
0-2: Ball
1-2: Foul Ball, location: 2F
1-2: Ball
2-2: Foul Ball, location: 2F
2-2: Ball
3-2: Foul Ball, location: 2F
3-2: Foul Ball, location: 2F
3-2: Fly out, F7 (Flyball, 7LSF)
Batting: RHB Greg King 0-0: Called Strike
0-1: Ball
1-1: Ball
2-1: Ball
3-1: Ground out 5-3 (Groundball, 56)
Bottom of the 5th over - 0 run(s), 0 hit(s), 0 error(s), 0 left on base; Waba 4 - Wisconsin 4
TOP OF THE 6TH
Waba Ducks batting - Pitching for Wisconsin Timber Rattlers : LHP Dave Carbone
Batting: RHB Ángelo García 0-0: Ball
1-0: Called Strike
1-1: Swinging Strike
1-2: Ball
2-2: Ball
3-2: Base on Balls
Batting: RHB Chris Osborn 0-0: Ball
1-0: Ball
2-0: Ball
3-0: Called Strike
3-1: Base on Balls
Ángelo García to second
Batting: RHB Kelly Graham 0-0: Ball
1-0: Ball
2-0: Ball
3-0: Called Strike
3-1: Base on Balls
Ángelo García to third
Chris Osborn to second
Batting: RHB Pedro Molina 0-0: Grounds into fielders choice 5-2 (Groundball, 56S)
Chris Osborn to third
Kelly Graham to second
Batting: RHB Mario López 0-0: SINGLE (Line Drive, 56)
Chris Osborn scores
Kelly Graham to third
Pedro Molina to second
Batting: LHB José Román 0-0: Ball
1-0: Ball
2-0: Called Strike
2-1: Foul Ball, location: 2F
2-2: Foul Ball, location: 2F
2-2: Ball
3-2: SINGLE (Line Drive, 78M)
Kelly Graham scores
Pedro Molina to third
Mario López to second
Batting: RHB Paul Spencer 0-0: SINGLE (Flyball, 6MD)
Pedro Molina scores
Mario López to third
José Román to second
Pitching: RHP Manny Canseco
Batting: LHB Javier Orozco 0-0: Called Strike
0-1: Ball
1-1: Fly out, F6 (Popup, 6MD)
Batting: RHB Jeremy Flemming 0-0: Swinging Strike
0-1: DOUBLE (Flyball, 7D)
Mario López scores
José Román scores
Paul Spencer to third
Runner from 3rd tries for Home, throw and OUT!
Top of the 6th over - 5 run(s), 4 hit(s), 0 error(s), 1 left on base; Waba 9 - Wisconsin 4
BOTTOM OF THE 6TH
Wisconsin Timber Rattlers batting - Pitching for Waba Ducks : RHP Harvey Bradridge
Pitching: LHP Júlio Castillo
Batting: RHB Dick Slagboom 0-0: Ball
1-0: Called Strike
1-1: Foul Ball, location: 2F
1-2: Foul Ball, location: 2F
1-2: Ball
2-2: Strikes out looking
Batting: RHB Vicente Vélez 0-0: Ball
1-0: Ball
2-0: Ball
3-0: Base on Balls
Batting: RHB John Denton 0-0: Called Strike
0-1: Ball
1-1: Called Strike
1-2: Fly out, F8 (Flyball, 89S)
Batting: LHB Alex Henderson 0-0: Ball
1-0: Foul Ball, location: 2F
1-1: Foul Ball, location: 2F
1-2: SINGLE (Groundball, 6D)
Vicente Vélez to second
Batting: RHB Shawn Marshall 0-0: Ball
1-0: Ball
2-0: Ball
3-0: Base on Balls
Vicente Vélez to third
Alex Henderson to second
Batting: RHB Pablo Gonzáles 0-0: Fly out, F4 (Popup, 34D)
Bottom of the 6th over - 0 run(s), 1 hit(s), 0 error(s), 3 left on base; Waba 9 - Wisconsin 4
TOP OF THE 7TH
Waba Ducks batting - Pitching for Wisconsin Timber Rattlers : RHP Manny Canseco
Batting: RHB Ángelo García 0-0: Ball
1-0: Foul Ball, location: 2F
1-1: Ball
2-1: Ball
3-1: Foul Ball, location: 2F
3-2: Foul Ball, location: 2F
3-2: Base on Balls
Batting: RHB Chris Osborn 0-0: Fly out, F8 (Flyball, 8LS)
Batting: RHB Kelly Graham 0-0: Called Strike
0-1: Foul Ball, location: 2F
0-2: Strikes out swinging
Batting: RHB Pedro Molina 0-0: Ball
1-0: SINGLE (Flyball, 78S)
Ángelo García to second
Batting: RHB Mario López 0-0: Foul Ball, location: 2F
0-1: Foul Ball, location: 2F
0-2: Ball
1-2: Foul Ball, location: 2F
1-2: Foul Ball, location: 2F
1-2: Foul Ball, location: 2F
1-2: Ball
2-2: Ball
3-2: Base on Balls
Ángelo García to third
Pedro Molina to second
Batting: LHB José Román 0-0: Foul Ball, location: 2F
0-1: Swinging Strike
0-2: Ball
1-2: Strikes out looking and he physically ARGUES THE CALL AND IS TOSSED!
Top of the 7th over - 0 run(s), 1 hit(s), 0 error(s), 3 left on base; Waba 9 - Wisconsin 4
BOTTOM OF THE 7TH
Wisconsin Timber Rattlers batting - Pitching for Waba Ducks : LHP Júlio Castillo
Now in RF: Reynaldo Gallegos
Batting: RHB Hunter Plunket 0-0: Called Strike
0-1: SINGLE (Groundball, 56D)
Batting: RHB Eric Thompson 0-0: Ball
1-0: Ball
2-0: SINGLE (Groundball, 15) (infield hit)
Hunter Plunket to second
Batting: RHB Greg King 0-0: Called Strike
0-1: Ball
1-1: Ball
2-1: DOUBLE (Flyball, 8RXD)
Hunter Plunket scores
Eric Thompson to third
Runner from 3rd tries for Home, SAFE, no throw
Batting: RHB Dick Slagboom 0-0: Ball
1-0: Ball
2-0: Foul Ball, location: 2F
2-1: Called Strike
2-2: Foul Ball, location: 2F
2-2: Foul Ball, location: 2F
2-2: Ball
3-2: Base on Balls
Batting: RHB Vicente Vélez 0-0: Called Strike
0-1: Ball
1-1: TRIPLE (Flyball, 8LXD)
Greg King scores
Dick Slagboom scores
Pitching: RHP Stan Stewart
Batting: RHB John Denton 0-0: Swinging Strike
0-1: Ground out U3 (Groundball, 34S)
Batting: LHB Alex Henderson 0-0: Swinging Strike
0-1: Ball
1-1: Called Strike
1-2: Ball
2-2: Foul Ball, location: 2F
2-2: Strikes out looking
Batting: RHB Shawn Marshall 0-0: Swinging Strike
0-1: Called Strike
0-2: Fly out, F8 (Flyball, 8RM)
Bottom of the 7th over - 4 run(s), 4 hit(s), 0 error(s), 1 left on base; Waba 9 - Wisconsin 8
TOP OF THE 8TH
Waba Ducks batting - Pitching for Wisconsin Timber Rattlers : RHP Manny Canseco
Batting: RHB Paul Spencer 0-0: Ball
1-0: Ball
2-0: Called Strike
2-1: Swinging Strike
2-2: SINGLE (Groundball, 6MD)
Pitching: LHP Denny Welch
Batting: LHB Javier Orozco 0-0: Sac Bunt - play at first, batter OUT! 1-4
Paul Spencer to second
Pitching: RHP Tom McConnell
Batting: RHB Jeremy Flemming 0-0: Called Strike
0-1: Ball
1-1: Called Strike
1-2: Ball
2-2: Ball
3-2: Reached on error, E6 (Groundball, 6)
Paul Spencer to third
Batting: RHB Ángelo García 0-0: Called Strike
0-1: Fly out, F4 (Line Drive, 4M)
Lined into DP, 4-5 (Line Drive, 4M)
Top of the 8th over - 0 run(s), 1 hit(s), 1 error(s), 1 left on base; Waba 9 - Wisconsin 8
BOTTOM OF THE 8TH
Wisconsin Timber Rattlers batting - Pitching for Waba Ducks : RHP Stan Stewart
Pitching: RHP Manny Benavides
Batting: RHB Pablo Gonzáles 0-0: Foul Ball, location: 2F
0-1: Ball
1-1: Ball
2-1: Foul Ball, location: 2F
2-2: Ground out 4-3 (Groundball, 4)
Batting: RHB Hunter Plunket 0-0: Ball
1-0: Ball
2-0: Ball
3-0: Called Strike
3-1: Called Strike
3-2: Foul Ball, location: 2F
3-2: Strikes out looking
Batting: RHB Eric Thompson 0-0: Ball
1-0: Foul Ball, location: 2F
1-1: Called Strike
1-2: SINGLE (Groundball, 56S) (infield hit)
Batting: RHB Greg King 0-0: Ball
1-0: Foul Ball, location: 2F
1-1: Fly out, F8 (Flyball, 89D)
Bottom of the 8th over - 0 run(s), 1 hit(s), 0 error(s), 1 left on base; Waba 9 - Wisconsin 8
TOP OF THE 9TH
Waba Ducks batting - Pitching for Wisconsin Timber Rattlers : RHP Tom McConnell
Pitching: LHP Carlos Berru
Batting: RHB Chris Osborn 0-0: Ball
1-0: Foul Ball, location: 2F
1-1: Ground out 6-3 (Groundball, 6)
Batting: RHB Kelly Graham 0-0: Fly out, F9 (Flyball, 9LM)
Batting: RHB Pedro Molina 0-0: Called Strike
0-1: Ball
1-1: Ball
2-1: Ball
3-1: Base on Balls
Batting: RHB Mario López 0-0: Called Strike
0-1: Called Strike
0-2: Fielders Choice at 2nd, 6-4 (Groundball, 6)
Top of the 9th over - 0 run(s), 0 hit(s), 0 error(s), 0 left on base; Waba 9 - Wisconsin 8
BOTTOM OF THE 9TH
Wisconsin Timber Rattlers batting - Pitching for Waba Ducks : RHP Manny Benavides
Pitching: RHP Bartolo Romo
Now at SS: António Valdéz
Batting: RHB Dick Slagboom 0-0: Ball
1-0: Ball
2-0: Called Strike
2-1: Foul Ball, location: 2F
2-2: Fly out, F9 (Flyball, 89D)
Batting: RHB Vicente Vélez 0-0: Called Strike
0-1: Called Strike
0-2: Foul Ball, location: 2F
0-2: Foul Ball, location: 2F
0-2: Ball
1-2: Ball
2-2: SINGLE (Groundball, 6MD)
Batting: RHB John Denton 0-0: Foul Ball, location: 2F
0-1: Ball
1-1: Grounds into double play, 4-6-3 (Groundball, 4M)
Bottom of the 9th over - 0 run(s), 1 hit(s), 0 error(s), 0 left on base; Waba 9 - Wisconsin 8
Thursday, March 30th, 2017 - OOTP Baseball 17.12 Build 75